 Dungeon Crawl Stone Soup version bcrawl-1.21.3 (webtiles) character file.

Game seed: 14367253678157077306

9450 Flugslaktarn the Cleaver (level 11, -3/67 HPs)
             Began as a Skeleton Archaeologist on Mar 30, 2020.
             Was an Initiate of Gozag.
             Slain by an ice devil (7 damage)
             ... summoned by a kobold demonologist
             ... on level 9 of the Dungeon.
             The game lasted 00:05:41 (8872 turns).

Flugslaktarn the Cleaver (Skeleton Archaeologist)   Turns: 8872, Time: 00:05:42

Health: -3/67      AC: 21    Str: 22 (23) XL:     11   Next: 23%
Magic:  0/23       EV:  9    Int: 13      God:    Gozag
Gold:   2350       SH:  0    Dex:  4 (7)  Spells: 10/10 levels left

rFire    + . .     SeeInvis +   s - +1 war axe (venom)
rCold    + . .     Gourm    .   (no shield)
rNeg     + + +     Faith    .   o - +0 plate armour
rPois    ∞         Spirit   +   m - +2 helmet
rElec    +         Reflect  .   a - +0 cloak
rCorr    .         Harm     .   (no gloves)
MR       +....                  d - +2 pair of boots
Stlth    ..........             c - amulet "Jentir" {RegenMP rF+ Str+2 SInv Stlth+}
HPRegen  0.21/turn              q - ring of magical power
MPRegen  0.43/turn              g - ring of insulation

@: gold aura
A: no food or potions, cold resistance 1, deterioration 1, negative energy
resistance 3, powered by death 1, torment resistance, unbreathing, magic shield,
sturdy frame 2, spell healing
a: Potion Petition, Call Merchant, Bribe Branch, Renounce Religion


You were on level 9 of the Dungeon.
You worshipped Gozag.
Gozag was most pleased with you.
You were not hungry.

You visited 2 branches of the dungeon, and saw 10 of its levels.
You also visited: Ossuary.

You collected 2469 gold pieces.
You paid 119 gold pieces to Gozag.

Inventory:

Hand Weapons
 s - a +1 war axe of venom (weapon)
   (You took it off an orc on level 5 of the Dungeon)
Missiles
 n - 2 throwing nets (quivered) {!f}
Armour
 a - a +0 cloak (worn)
   (You took it off Crazy Yiuf on level 5 of the Dungeon)
 d - a +2 pair of boots (worn)
 m - a +2 helmet (worn)
   (You found it on level 1 of the Dungeon)
 o - a +0 plate armour (worn)
   (You took it off an orc warrior on level 7 of the Dungeon)
Jewellery
 b - an uncursed ring of fire
   (You found it on level 1 of the Dungeon)
 c - the amulet "Jentir" (around neck) {RegenMP rF+ Str+2 SInv Stlth+}
   (You acquired it on level 3 of the Dungeon)

   [amulet of magic regeneration]

   It increases your magic regeneration.
   It affects your strength (+2).
   It protects you from fire.
   It lets you see invisible.
   It makes you more stealthy.
 g - a ring of insulation (right hand)
   (You found it on level 8 of the Dungeon)
 k - an uncursed ring of resist corrosion
   (You found it in an ossuary)
 q - a ring of magical power (left hand)
   (You found it on level 2 of the Dungeon)
Scrolls
 e - a scroll of vulnerability {unknown}
 f - 3 scrolls of fog
 h - 2 scrolls of fear
 i - 5 scrolls of immolation
 j - a scroll of enchant weapon
 l - 2 scrolls of enchant armour
 p - a scroll of noise {unknown}
 r - 4 scrolls of identify
 t - 3 scrolls of teleportation
 v - 4 scrolls of magic mapping
 x - 3 scrolls of remove curse
 z - 3 scrolls of blinking


   Skills:
 + Level 7.5 Fighting
 * Level 14.9 Axes
   Level 1.2(10.1) Maces & Flails
 + Level 7.6 Armour
 - Level 3.0 Dodging
 - Level 3.6 Stealth
 + Level 4.9 Evocations


You had 10 spell levels left.
You didn't know any spells.
Your spell library was empty.

Dungeon Overview and Level Annotations

Branches:
Dungeon (9/12)             Temple (1/1) D:7            Lair (0/6) D:7
    Orc: D:8-11

Altars:
Ashenzari
Cheibriados
Dithmenos
Elyvilon
Fedhas
Gozag
Hepliaklqana
Kikubaaqudgha
Makhleb
Nemelex Xobeh
Okawaru
Qazlal
Ru
Sif Muna
Uskayaw
Vehumet
Wu Jian
Xom
Yredelemnul
Zin
The Shining One

Shops:
D:6 }

Annotations:
D:8 1 runed translucent door, Quickbrownfox's ghost, journeyman GnAc


Innate Abilities, Weirdness & Mutations

You do not eat or drink.
You are immune to poison.
Your flesh is cold resistant. (rC+)
Your body sometimes deteriorates upon taking damage.
You are immune to negative energy. (rN+++)
You regenerate a little health from kills.
You are immune to unholy pain and torment.
You can survive without breathing.
When hurt, damage is shared between your health and your magic reserves.
Your movements are less encumbered by armour. (ER -4)
Casting spells heals you.


Message History

You are too injured to fight recklessly!
Unknown command.
The kobold demonologist begins to cast a cantrip, but forgets the words!
The soul eater hits you but does no damage.
Things that are here:
7 gold pieces; a +0 club You kill the soul eater!
You kill the kobold demonologist!
The chaos spawn degenerates into a cloud of primal chaos!
You hit the kobold demonologist but do no damage.
The kobold demonologist looks more poisoned.
The kobold demonologist is heavily wounded.
You closely miss the ice devil.
The kobold demonologist casts a spell.
You completely miss the kobold demonologist.
The kobold demonologist is heavily wounded.
You hit the ice devil. The ice devil hits you.
* * * LOW HITPOINT WARNING * * *
The ice devil freezes you! You resist.
You die...
Your body crumbles into a pile of gold.

#.......#..#..........
#.......##.#...>.....>
#.......##.#....).....
#.....).##.'.......(..
#.......####..........
##'###### #####+####.
#..# #.)....
##'######### ######+.
#.$.34@....# ........
#..$$K.....# ........
#...5.......# ........
#....5........
........
#..........#..
........ #..........#
. .......^
#..........# ........
##'######### +#######


You could see a soul eater, an ice devil, a kobold demonologist, a crimson imp
and a white imp.

Vanquished Creatures
  Erica (D:9)
  A death yak (D:8)
  A gargoyle (D:9)
  2 kobold demonologists (D:9)
  2 trolls
  Prince Ribbit (D:5)
  3 hippogriffs
  15 yaks (D:8)
  3 hogs (D:8)
  A human (D:8)
  A steam dragon (D:9)
  Menkaure (D:5)
  A crocodile (D:8)
  Duvessa (D:7)
  A water moccasin (D:6)
  A sky beast (D:8)
  An orc warrior (D:7)
  A phantom (D:8)
  An ogre (D:7)
  A necrophage (D:8)
  4 big kobolds
  4 bullfrogs
  Dowan (D:7)
  10 scorpions
  2 water moccasin skeletons
  6 killer bees (D:9)
  3 electric eels (D:8)
  A wight (D:3)
  A howler monkey (D:6)
  3 crimson imps
  3 centaur zombies
  Crazy Yiuf (D:5)
  An orc priest (D:3)
  A centaur skeleton (D:7)
  3 hounds
  4 orc wizards
  3 human zombies (Ossuary)
  Jessica (D:3)
  2 iguanas
  A worker ant (D:5)
  2 big kobold zombies (Ossuary)
  2 mummies (Ossuary)
  9 adders
  2 scorpion zombies (Ossuary)
  3 shadow imps
  An adder zombie (D:7)
  3 worms
  3 dart slugs
  3 leopard geckos
  27 orcs
  4 bats
  2 giant cockroaches
  4 goblins
  6 hobgoblins
  4 jackals (D:1)
  3 quokkas
  2 frilled lizards
  3 gnoll zombies (Ossuary)
  3 hobgoblin zombies (Ossuary)
  17 kobolds
  4 kobold zombies (Ossuary)
  An orc zombie (Ossuary)
  4 rats
  A spectral orc (D:6)
208 creatures vanquished.

Vanquished Creatures (others)
  A mummy (Ossuary)
1 creature vanquished.

Grand Total: 209 creatures vanquished

Notes
Turn   | Place    | Note
-------+----------+-------------------------------------------
     0 | D:1      | Flugslaktarn the Skeleton Archaeologist began the quest for
                  | the Orb.
     0 | D:1      | Reached XP level 1. HP: 12/12 MP: 1/1
   181 | D:1      | Reached XP level 2. HP: 10/17 MP: 0/2
   913 | D:2      | Reached skill level 1 in Axes
  1185 | D:2      | Reached XP level 3. HP: 8/22 MP: 0/3
  1635 | D:2      | Reached skill level 2 in Axes
  2079 | D:3      | Reached skill level 3 in Axes
  2229 | D:3      | Reached skill level 4 in Axes
  2229 | D:3      | Reached XP level 4. HP: 12/27 MP: 4/4
  2423 | D:3      | Reached XP level 5. HP: 27/31 MP: 5/5
  2423 | D:3      | Identified a scroll of acquirement
  2427 | D:3      | Identified the amulet "Jentir" {RegenMP rF+ Str+2 SInv
                  | Stlth+} (You acquired it on level 3 of the Dungeon)
  2502 | D:3      | Reached skill level 5 in Axes
  2753 | D:3      | Noticed Jessica
  2761 | D:3      | Killed Jessica
  3046 | D:4      | Reached skill level 6 in Axes
  3131 | D:4      | Found a blossoming altar of Fedhas.
  3192 | D:4      | Gained mutation: You regenerate a little health from kills.
                  | [Skeleton growth]
  3192 | D:4      | Reached XP level 6. HP: 30/36 MP: 6/6
  3296 | D:4      | Found a sand-covered staircase.
  3316 | Ossuary  | Entered an ossuary
  3343 | Ossuary  | Reached skill level 7 in Axes
  3473 | Ossuary  | Reached skill level 8 in Axes
  3484 | Ossuary  | Reached XP level 7. HP: 39/40 MP: 7/7
  3589 | Ossuary  | Reached skill level 9 in Axes
  3851 | Ossuary  | Reached skill level 10 in Axes
  4090 | D:4      | Found a glowing golden altar of the Shining One.
  4328 | D:5      | Entered Level 5 of the Dungeon
  4329 | D:5      | Noticed Prince Ribbit
  4578 | D:5      | Reached XP level 8. HP: 45/45 MP: 8/8
  4605 | D:5      | Noticed Menkaure
  4610 | D:5      | Killed Menkaure
  4610 | D:5      | Reached skill level 1 in Armour
  4790 | D:5      | Found a runed door.
  5243 | D:5      | Found the +8 storm bow {lightning rElec Stlth-}
  5482 | D:5      | Found a stormy altar of Qazlal.
  5667 | D:5      | Killed Prince Ribbit
  5667 | D:5      | Reached skill level 11 in Axes
  5950 | D:5      | Noticed Crazy Yiuf
  5954 | D:5      | Killed Crazy Yiuf
  6023 | D:6      | Found a radiant altar of Vehumet.
  6044 | D:6      | Found a basalt altar of Yredelemnul.
  6199 | D:6      | Found Ceim's Gadget Boutique.
  6397 | D:7      | Reached XP level 9. HP: 42/52 MP: 9/9
  6420 | D:7      | Found a staircase to the Lair.
  6480 | D:7      | Noticed a troll
  6491 | D:7      | Killed a troll
  6491 | D:7      | Reached skill level 12 in Axes
  6524 | D:7      | Found a staircase to the Ecumenical Temple.
  6545 | D:7      | Reached skill level 5 in Fighting
  6564 | Temple   | Entered the Ecumenical Temple
  6717 | Temple   | Became a worshipper of Gozag Ym Sagoz the Greedy
  6764 | D:7      | Noticed Dowan
  6765 | D:7      | Noticed Duvessa
  6770 | D:7      | Killed Dowan
  6775 | D:7      | Killed Duvessa
  7098 | D:8      | Reached skill level 1 in Evocations
  7238 | D:8      | Reached skill level 5 in Armour
  7283 | D:8      | Noticed a troll
  7297 | D:8      | Killed a troll
  7304 | D:8      | Reached skill level 13 in Axes
  7631 | D:8      | Found a shadowy altar of Dithmenos.
  7796 | D:8      | Found a runed translucent door.
  7796 | D:8      | Found a shimmering altar of Xom.
  7796 | D:8      | Noticed Quickbrownfox's ghost (journeyman GnAc)
  7796 | D:8      | Noticed a +0 long sword of chaos
  7879 | D:8      | Noticed a death yak
  7895 | D:8      | Killed a death yak
  7895 | D:8      | Gained mutation: Your movements are less encumbered by
                  | armour. (ER -4) [Skeleton growth]
  7895 | D:8      | Reached XP level 10. HP: 39/60 MP: 12/12
  7974 | D:8      | Reached skill level 14 in Axes
  8197 | D:8      | Found a shadowy altar of Dithmenos.
  8422 | D:9      | Found an ornate altar of the Wu Jian Council.
  8453 | D:9      | Noticed Erica
  8462 | D:9      | Killed Erica
  8462 | D:9      | Reached XP level 11. HP: 63/67 MP: 14/14
  8838 | D:9      | Noticed a soul eater
  8846 | D:9      | Noticed a soul eater
  8868 | D:9      | Noticed a soul eater
  8872 | D:9      | Slain by an ice devil

Skill      XL: |  1  2  3  4  5  6  7  8  9 10 |
---------------+-------------------------------+-----
Fighting       | 2 4 6 7 |  7.5
Axes           | 1 4 6 8 10 11 13 14 | 14.9
Armour         | 3 5 7 |  7.6
Evocations     | 2 4 |  4.9
Maces & Flails | |  1.2
Dodging        | |  3.0
Stealth        | |  3.6

Action                   |  1- 3 |  4- 6 |  7- 9 | 10-12 || total
-------------------------+-------+-------+-------+-------++-------
Melee: Whip              |    71 |       |       |       ||    71
       Hand axe          |   103 |   156 |   151 |       ||   410
       War axe           |       |       |   306 |   180 ||   486
  Use: Scroll            |     7 |     2 |     5 |       ||    14
 Stab: Sleeping          |     3 |       |       |       ||     3
Armor: Ring mail         |    77 |       |       |       ||    77
       Robe              |     5 |       |       |       ||     5
       Chain mail        |    14 |   102 |   145 |       ||   261
       Plate armour      |       |       |    64 |   102 ||   166
Dodge: Dodged            |   118 |    81 |   178 |    64 ||   441
